Map: Flooded City

Players

SteelRat

  • Race: Terran Terran
  • Spawn Location: 12:00

MagickPants

  • Race: Protoss Protoss
  • League: Platinum
  • Spawn Location: 12:00

Cylon

  • Race: Zerg Zerg
  • League: Platinum
  • Spawn Location: 6:00

ILIEKEGGPIE

  • Race: Protoss Protoss
  • League: Platinum
  • Spawn Location: 6:00

VOD

Have the link to the VOD?

Description

Time

  • Played on: May 24, 2018, 4:30 p.m.
  • Length: 15:48
Show
View Real Time Build Order
Export as new Build Order

SteelRat Terran 

Build Orders: Mech 

Get SALT Encoding   

  12  0:03  SCV  
  13  0:18  SCV  
  14  0:22  Supply Depot  
  14  0:30  SCV  
  14  0:31  Refinery  
  15  0:46  Barracks  
  15  0:55  SCV  
  16  1:07  SCV  
  17  1:19  SCV  
  18  1:32  SCV  
  19  1:39  Barracks Reactor  
  19  1:44  Orbital Command  
  19  1:54  Factory  
  19  2:11  SCV  
  20  2:22  Marine  
  20  2:23  Marine  
  22  2:36  SCV  
  23  2:40  Refinery  
  23  2:57  Barracks Tech Lab, Factory  
  23  3:03  Supply Depot  
  23  3:20  SCV  
  23  3:21  Hellion x2  
  28  3:33  SCV, Command Center  
  29  3:45  SCV  
  28  3:57  SCV  
  28  4:01  Hellion x2  
  33  4:06  Infernal Pre-Igniter  
  33  4:11  Supply Depot, SCV  
  33  4:15  Siege Tank  
  37  4:24  SCV  
  38  4:34  Hellion x2  
  38  4:36  Supply Depot  
  42  4:44  Factory  
  42  4:48  Barracks Reactor  
  26  5:40  Siege Tank  
  26  5:41  Hellion x2  
  32  5:55  Engineering Bay  
  32  6:13  Armory  
  32  6:14  Hellion x4  
  32  6:15  Hellion  
  37  6:40  Siege Tank  
  37  6:41  Hellion x2  
  36  6:56  Missile Turret  
  18  7:29  SCV  
  20  7:36  Orbital Command  
  14  8:02  Siege Tank  
  14  8:03  Hellion x3  
  23  8:06  SCV  
  23  8:07  SCV  
  25  8:19  SCV x2  
  27  8:31  SCV x2  
  29  8:46  Terran Vehicle Weapons Level 1  
  29  8:47  SCV x2  
  31  8:59  SCV x2  
  31  9:01  Barracks Tech Lab  
  31  9:02  Factory  
  33  9:03  Hellion  
  35  9:28  Siege Tank  
  38  9:34  Hellion x4  
  46  9:40  SCV x2  
  48  9:55  Hellion x2  
  52  10:05  Siege Tank  
  52  10:06  Siege Tank  
  58  10:07  Hellion  
  58  10:08  Hellion  
  58  10:11  SCV x2  
  64  10:19  Supply Depot  
  64  10:34  SCV  
  64  10:35  SCV  
  66  10:53  Siege Tank x2  
  72  11:03  Hellion x3  
  78  11:11  Supply Depot  
  78  11:19  Supply Depot  
  78  11:29  Orbital Command  
  78  11:32  Siege Tank, SCV, Hellion x2  
  86  11:41  SCV, Hellion x3  
  86  11:46  Starport  
  93  11:51  Refinery  
  93  11:53  SCV  
  94  12:00  Supply Depot  
  94  12:07  Refinery  
  94  12:21  SCV x2  
  94  12:22  Hellion  
  98  12:27  Starport Reactor  
  98  12:29  Terran Vehicle Weapons Level 2  
  98  12:30  Supply Depot  
  98  12:31  Supply Depot  
  98  12:32  Siege Tank  
  98  12:33  SCV  
  102  12:52  SCV  
  103  13:01  Missile Turret  
  103  13:02  Missile Turret  
  103  13:04  SCV, Command Center  
  104  13:12  Missile Turret  
  104  13:20  Missile Turret  
  104  13:24  Siege Tank x2  
  104  13:25  Hellion  
  112  13:35  Supply Depot  
  112  13:37  Viking  
  114  13:56  Siege Tank  
  115  14:06  Siege Tank  
  115  14:08  Hellion x4  
  112  14:28  Siege Tank  
  115  14:33  Supply Depot  
  115  14:38  Siege Tank  
  118  14:59  Supply Depot  
  118  15:00  Siege Tank  
  121  15:10  Siege Tank  
  112  15:40  Supply Depot  
Show
View Real Time Build Order
Export as new Build Order

MagickPants Protoss 

Build Orders: Blink Stalkers 

Get SALT Encoding   

  12  0:04  Probe  
  13  0:15  Probe  
  14  0:27  Probe, Pylon  
  15  0:45  Gateway  
  15  0:49  Probe  
  16  0:52  Assimilator  
  16  1:06  Probe  
  16  1:08  Gateway  
  17  1:14  Probe  
  18  1:23  Assimilator  
  18  1:24  Probe  
  18  1:32  Pylon  
  19  1:36  Probe  
  20  1:48  Probe  
  20  1:51  Cybernetics Core  
  21  1:54  Gateway  
  22  2:01  Probe  
  22  2:12  Pylon  
  22  2:17  Warp Gate  
  22  2:28  Stalker x2  
  26  2:37  Twilight Council  
  26  2:42  Stalker  
  28  2:59  Gateway  
  28  3:02  Stalker  
  30  3:10  Pylon  
  30  3:12  Blink  
  30  3:16  Stalker  
  32  3:36  Stalker  
  34  4:21  Forge  
  34  4:24  Stalker x2  
  36  4:26  Stalker x2  
  42  4:45  Pylon  
  42  4:57  Stalker x2  
  46  5:15  Stalker x2  
  48  5:36  Stalker x2  
  44  5:50  Photon Cannon  
  44  5:53  Stalker  
  44  5:54  Stalker  
  48  6:18  Stalker x3  
  46  6:33  Stalker  
  46  6:59  Stalker x3  
  52  7:14  Stalker  
  54  7:21  Pylon  
  54  7:26  Protoss Ground Weapons Level 1  
  54  7:48  Nexus  
  54  8:03  Stalker  
  56  8:12  Stalker, Pylon  
  58  8:25  Assimilator  
  58  8:30  Stalker  
  60  9:11  Probe x2  
  60  9:12  Stalker  
  64  9:17  Stalker  
  64  9:23  Probe x2  
  68  9:24  Protoss Ground Weapons Level 2  
  68  9:35  Probe x2  
  70  9:43  Stalker  
  72  9:50  Stalker  
  74  10:03  Stalker x2  
  78  10:08  Probe x2  
  80  10:30  Stalker x3  
  86  10:40  Pylon  
  86  10:47  Probe x2  
  86  11:02  Assimilator  
  86  11:03  Pylon  
  86  11:05  Photon Cannon  
  86  11:06  Probe x2  
  88  11:18  Probe  
  88  11:20  Protoss Ground Weapons Level 3  
  88  11:22  Stalker x2  
  93  11:31  Probe  
  94  11:40  Stalker  
  94  11:41  Stalker  
  98  12:02  Gateway  
  98  12:05  Stalker x2  
  102  12:12  Pylon  
  102  12:30  Probe x2  
  104  12:43  Gateway  
  104  12:47  Gateway  
  104  13:02  Pylon  
  104  13:04  Nexus  
  104  13:07  Pylon  
  104  13:11  Stalker x2  
  108  13:28  Robotics Facility  
  108  13:39  Pylon  
  108  13:52  Gateway  
  98  13:55  Assimilator  
  98  13:57  Stalker x3  
  98  14:00  Assimilator  
  100  14:05  Stalker x2  
  104  14:19  Stalker  
  104  14:21  Observer  
  107  14:30  Stalker x2  
  111  14:33  Stalker  
  113  14:46  Probe  
  113  14:51  Probe x2  
  116  14:58  Probe  
  117  15:01  Stalker  
  117  15:02  Stalker x2  
  123  15:10  Probe  
  124  15:22  Probe  
  117  15:36  Stalker x3  
  117  15:37  Stalker  
  117  15:40  Stalker x3  
Show
View Real Time Build Order
Export as new Build Order

Cylon Zerg 

Build Orders: Hatch First 

Get SALT Encoding   

  12  0:01  Drone  
  13  0:08  Drone  
  14  0:17  Overlord  
  14  0:27  Extractor, Drone  
  14  0:37  Drone x2  
  16  0:45  Drone  
  17  0:56  Drone  
  18  1:08  Hatchery  
  17  1:13  Drone  
  18  1:26  Spawning Pool  
  18  1:27  Drone  
  18  1:31  Drone  
  19  1:38  Overlord  
  19  1:52  Drone  
  20  2:01  Drone  
  21  2:13  Drone  
  21  2:15  Queen  
  22  2:20  Roach Warren  
  22  2:21  Queen  
  25  2:26  Drone  
  26  2:35  Spore Crawler  
  25  2:37  Drone  
  25  2:41  Spine Crawler  
  25  2:45  Drone  
  25  2:46  Drone  
  25  2:50  Overlord  
  27  2:58  Drone  
  27  3:01  Roach  
  30  3:06  Drone  
  30  3:08  Roach  
  30  3:12  Roach  
  35  3:17  Drone  
  36  3:28  Drone  
  36  3:33  Drone x3  
  40  3:39  Roach  
  40  3:40  Roach  
  40  3:41  Overlord  
  44  3:57  Overlord  
  44  4:00  Lair  
  44  4:06  Metabolic Boost  
  44  4:11  Drone x2  
  44  4:12  Drone  
  47  4:17  Extractor  
  47  4:19  Overlord  
  47  4:21  Roach x3  
  52  4:30  Extractor  
  51  4:32  Drone  
  51  4:35  Spore Crawler  
  51  4:37  Drone  
  52  4:42  Roach x2  
  51  5:16  Roach  
  51  5:29  Roach  
  51  5:33  Glial Reconstitution  
  51  5:34  Overlord  
  50  5:41  Roach x2  
  40  5:47  Spine Crawler  
  40  5:48  Queen  
  41  5:50  Roach  
  41  6:00  Roach  
  41  6:01  Spine Crawler  
  42  6:11  Roach x3  
  46  6:23  Roach  
  46  6:30  Roach  
  44  6:46  Roach  
  44  6:47  Queen  
  46  6:59  Roach  
  46  7:00  Overlord  
  46  7:15  Overlord  
  46  7:40  Roach x6  
  58  8:16  Overlord  
  58  8:17  Overlord  
  58  8:41  Hatchery  
  58  8:45  Hydralisk Den  
  58  8:46  Roach x2  
  58  8:47  Roach x4  
  68  9:12  Evolution Chamber  
  67  9:17  Roach  
  67  9:18  Overlord x2  
  67  9:20  Ravager  
  67  9:23  Burrow  
  70  9:40  Zerg Ground Armor Level 1  
  70  9:43  Hydralisk x4, Grooved Spines  
  78  9:57  Drone  
  79  10:06  Zergling x8  
  79  10:07  Zergling x2  
  84  10:32  Spore Crawler  
  84  10:34  Drone  
  84  10:36  Extractor  
  84  10:39  Zergling x2  
  84  10:40  Overlord  
  84  10:41  Extractor  
  83  10:54  Muscular Augments  
  83  11:20  Overseer  
  83  11:25  Roach x3  
  89  11:26  Hydralisk  
  91  11:35  Zerg Missile Weapons Level 1  
  91  11:42  Overlord  
  91  11:43  Overlord  
  91  11:58  Overlord  
  91  12:14  Drone x3  
  91  12:15  Drone  
  95  12:31  Hydralisk x4  
  95  12:32  Hydralisk x6  
  115  12:37  Overlord  
  115  12:38  Overlord, Hatchery  
  114  13:06  Hydralisk x3  
  114  13:10  Roach x18  
  114  13:23  Hydralisk x8  
  130  13:28  Zerg Ground Armor Level 2  
  110  14:19  Hydralisk x5  
  110  14:20  Hydralisk  
  114  14:57  Drone  
  114  14:58  Drone x2  
  117  15:02  Hydralisk x25  
  117  15:07  Roach x10  
Show
View Real Time Build Order
Export as new Build Order

ILIEKEGGPIE Protoss 

Build Orders: Oracle Opening, Phoenix Opening 

Get SALT Encoding   

  12  0:01  Probe  
  13  0:13  Probe  
  14  0:19  Pylon  
  14  0:26  Probe  
  14  0:34  Probe  
  15  0:40  Gateway  
  16  0:43  Probe  
  17  0:55  Assimilator  
  17  0:59  Assimilator  
  17  1:02  Probe  
  18  1:14  Probe  
  19  1:29  Cybernetics Core  
  19  1:32  Probe  
  20  1:44  Probe  
  20  1:45  Pylon  
  21  1:56  Probe  
  22  2:02  Stalker  
  22  2:06  Stargate  
  22  2:08  Warp Gate  
  24  2:25  Pylon  
  24  2:39  Oracle  
  27  2:54  Stalker  
  29  3:01  Probe  
  29  3:04  Nexus  
  30  3:10  Pylon  
  30  3:29  Phoenix, Gateway  
  32  3:45  Phoenix  
  34  4:12  Phoenix, Gateway  
  36  4:20  Probe x2  
  36  4:23  Robotics Facility  
  38  4:28  Probe  
  38  4:33  Probe  
  40  4:40  Phoenix  
  39  5:13  Stalker x2  
  38  5:29  Immortal  
  40  5:52  Stalker x3  
  43  6:18  Stalker x3  
  32  7:14  Stalker x2  
  32  7:15  Stalker  
  33  7:39  Stalker x3  
  39  8:07  Pylon  
  39  8:10  Pylon  
  39  8:16  Pylon  
  39  8:28  Immortal  
  43  8:52  Nexus  
  43  8:54  Pylon  
  43  8:55  Probe  
  44  9:08  Probe  
  45  9:11  Forge  
  45  9:20  Probe  
  46  9:25  Protoss Ground Weapons Level 1  
  46  9:30  Sentry x3  
  52  9:32  Probe  
  53  9:51  Probe  
  54  10:00  Probe  
  54  10:03  Immortal  
  55  10:08  Probe  
  60  10:16  Probe  
  60  10:20  Probe  
  62  10:34  Probe x2  
  64  10:36  Stalker x2  
  68  11:02  Probe x2, Forge  
  68  11:04  Assimilator  
  70  11:07  Assimilator  
  70  11:14  Probe x2  
  72  11:21  Protoss Ground Armor Level 1, Robotics Bay  
  72  11:23  Protoss Shields Level 1  
  72  11:26  Probe x2  
  72  11:31  Twilight Council  
  74  11:34  Probe  
  74  11:38  Probe  
  76  11:42  Stalker  
  78  12:06  Charge  
  78  12:07  Pylon  
  78  12:09  Pylon  
  78  12:11  Pylon  
  78  12:19  Dark Shrine  
  78  12:24  Nexus  
  78  12:36  Pylon  
  78  12:38  Colossus  
  84  12:58  Robotics Facility  
  84  13:02  Pylon  
  84  13:06  Extended Thermal Lance  
  84  13:09  Probe x2  
  86  13:19  Protoss Ground Weapons Level 2  
  86  13:31  Colossus  
  92  13:37  Zealot  
  92  13:38  Zealot x2  
  96  14:08  Adept x3  
  95  14:42  Gateway  
  95  14:44  Gateway  
  95  14:45  Gateway  
  95  14:48  Dark Templar x3  
  107  15:03  Pylon  
  45  15:45  Gateway  
Tags
 
Add a new tag
Caveats
  • Supply blocks, unpowered buildings, or Contaminate may cause inaccurate times.
  • Supply counts are checked every 10 seconds.